 Dungeon Crawl Stone Soup version 0.31-a0-1074-g0b22e4e0f1 (webtiles) character file.

Game seed: 3622753821173709545

238 ytrimaz the Ruffian (level 5, -1/37 HPs)
             Began as a Demonspawn Shapeshifter on Dec 1, 2023.
             Slain by Grinder (6 damage)
             ... on level 3 of the Dungeon.
             The game lasted 00:03:07 (2178 turns).

ytrimaz the Ruffian (Demonspawn Shapeshifter)       Turns: 2178, Time: 00:03:08

Health: -1/37      AC:  7    Str: 15    XL:     5   Next: 78%
Magic:  5/5        EV: 12    Int: 11    God:
Gold:   112        SH:  0    Dex: 14    Spells: 4/4 levels left

rFire   . .          .
                       - Unarmed
rCold   . . .        (no shield)
rNeg    . . .        f - +1 scale mail {Will+}
rPois   .            (helmet currently unavailable)
rElec   .            (cloak currently unavailable)
rCorr   .            (gloves currently unavailable)
SInv    .            (boots currently unavailable)
Will    +....        (no amulet) Stlth
                     (no ring)
HPRegen 0.26/turn    (no ring)
MPRegen 0.09/turn

%: no passive effects
@: beast-form
A: beast (slay +2), repulsion field 2
a: Begin Untransformation


You were on level 3 of the Dungeon.
You were a hulking beast.
You visited 1 branch of the dungeon, and saw 3 of its levels.

You collected 112 gold pieces.


Innate Abilities, Weirdness & Mutations

You are a hulking beast.
Your limbs bulge with bestial killing power. (Slay +2)
You are surrounded by a moderate repulsion field. (EV +3)


   Skills:
 - Level 1.0 Fighting
 - Level 1.7 Dodging
 + Level 4.6 Unarmed Combat
 + Level 4.3 Shapeshifting


You had 4 spell levels left.
You didn't know any spells.
Your spell library was empty.

Inventory:

Hand Weapons
 k - the +10 sling of the Howling Tiger {heavy, *Corrode rN+ Str-2 Int+7}
   (You found it on level 3 of the Dungeon)

   Str-2:     It affects your strength (-2).
   Int+7:     It affects your intelligence (+7).
   rN+:       It protects you from negative energy.
   *Corrode:  It may corrode you when you take damage.
Armour
 a - a +0 animal skin
 f - a +1 scale mail of willpower (worn)
   (You took it off Terence on level 2 of the Dungeon)
Talismans
 c - a beast talisman
 d - a flux talisman
Scrolls
 b - a scroll of enchant weapon {unknown}
 g - 2 scrolls of vulnerability
 h - 2 scrolls of fear {unknown}
 i - a scroll of acquirement {unknown}
Potions
 e - a potion of resistance
 j - 2 potions of invisibility {unknown}

Dungeon Overview and Level Annotations

Branches:
Dungeon (3/15) Zot: 15826

Altars:

Shops:
D:3 :

Annotations:
D:3 Grinder

...#[[...#... ## ..#.##.#..
...#r....#.# .. #.#......#
...##wBw##.##.# ###.#..#....
....#####.....# ....... ###
.........#.####... ##...######
................# ##....>##...
......#..#.###### ##......<....
......#.##....##### #............
......#.###.#...h.#
#...ยง........
.........##..####5###...)........
.....##..###.####โ€
).....)........
....###...#......โ€
##...>.........
#..####.#....###.................
#.###...............##...........
..# #.....##....###...#.....##...
.## #.....#...#...###..##.#######
.# #.....#..#..#....#....#


You could see Grinder.


Message History

๐Ÿ˜• HP[+1]
You hit the goblin. The hobgoblin misses you.
The goblin hits you but does no damage.
You hit the goblin.
You kill the goblin!
The hobgoblin hits you but does no damage.
The goblin hits you but does no damage.
Grinder blinks!
The hobgoblin hits you. The goblin barely misses you.
Things that are here:
a +0 club; a +0 club; a goblin corpse You hit the goblin.
You kill the goblin!
The hobgoblin hits you but does no damage.
The hobgoblin hits you. ๐Ÿ˜• HP[-3]
You take 3 damage, and now have 32/37 hp.
You closely miss the hobgoblin. The hobgoblin hits you.
The hobgoblin barely misses you.
You hit the hobgoblin. The hobgoblin barely misses you.
The hobgoblin completely misses you.
Unknown command.
You punch the hobgoblin!
You kill the hobgoblin!
You hit the hobgoblin.
Grinder says, "You look like you could use a good racking."
Grinder gestures at you.
You suddenly lose the ability to move!
The hobgoblin hits you but does no damage.
The hobgoblin hits you but does no damage.
Grinder blinks!
You can move again. ๐Ÿ˜• HP[+1]
You punch the hobgoblin!
You kill the hobgoblin!
Unknown command.
You see here a hobgoblin corpse. ๐Ÿ˜• HP[+1] ๐Ÿ˜• HP[+1]
You start resting.
The adder hisses angrily.
Grinder is nearby! ๐Ÿ˜• HP[+1] Unknown command.
Grinder hits you but does no damage.
Unknown command.
You hit Grinder. Grinder hits you! ๐Ÿ˜• HP[-7]
You take 7 damage, and now have 29/37 hp.
You hit Grinder. Grinder closely misses you.
Unknown command.
You closely miss Grinder. Grinder barely misses you.
You hit Grinder. Grinder hits you.
You writhe in agony. ๐Ÿ˜ฎ HP[-6]
You take 6 damage, and now have 23/37 hp.
Unknown command.
You hit Grinder but do no damage.
Grinder barely misses you. ๐Ÿ˜ฎ HP[+1] Unknown command.
You hit Grinder. Grinder hits you!
* * * LOW HITPOINT WARNING * * *
You writhe in agony.
* * * LOW HITPOINT WARNING * * *
๐Ÿ˜จ HP[-10]
You take 10 damage, and now have 14/37 hp.
MASSIVE DAMAGE!! (PAUSE)
You punch Grinder!
Grinder blinks!
Grinder says, "There's only one good use for a tongue: cutting it out."
Unknown command. ๐Ÿ˜จ HP[+1] Grinder blinks!
Grinder gestures at you.
You resist with almost no effort. ๐Ÿ˜จ HP[+1] Grinder gestures at you.
You resist with some effort.
Unknown command.
Grinder gestures at you. You resist with some effort.
Unknown command.
You hit Grinder. Grinder closely misses you.
Unknown command.
You hit Grinder but do no damage. Grinder hits you.
* * * LOW HITPOINT WARNING * * *
Unknown command.
You barely miss Grinder. Grinder gestures at you. You resist with some effort.
Unknown command.
You hit Grinder. Grinder gestures at you. Pain shoots through your body!
* * * LOW HITPOINT WARNING * * *
๐Ÿ˜ฑ HP[-10]
You take 10 damage, and now have 6/37 hp.
MASSIVE DAMAGE!! (PAUSE)
You hit Grinder but do no damage. Grinder hits you.
* * * LOW HITPOINT WARNING * * *
You writhe in agony.
You die...
Grinder says, "Now the real fun starts!"

Skill      XL: |  1  2  3  4 |
---------------+-------------+-----
Unarmed Combat | 3 4 |  4.6
Shapeshifting  | 3 4 |  4.3
Fighting       | |  1.0
Dodging        | |  1.7

Action                     |  1- 3 |  4- 6 || total
---------------------------+-------+-------++-------
  Melee: Unarmed           |   114 |   115 ||   229
         Punch             |     2 |     1 ||     3
   Fire: Sling             |       |     4 ||     4
    Use: Scroll            |     4 |       ||     4
         Potion            |     2 |       ||     2
   Stab: Sleeping          |     1 |     1 ||     2
 Armour: Animal skin       |    54 |     5 ||    59
         Skin              |     9 |       ||     9
         Scale mail        |       |    45 ||    45
  Dodge: Dodged            |    73 |    61 ||   134

Levels and vault maps discovered:
D:1:      evilmike_arrival_crescent, layout_loops_ring
D:2:      layout_loops_ring, uniq_terence
D:3:      layout_rooms, dreamdust_ecumenical_altar_statues,
          ebering_ghost_reflecting_pool, serial_shops, nicolae_shop_crystal,
          minivault_5, minmay_joined_circles, uniq_grinder, uniq_robin

Notes
Turn   | Place    | Note
-------+----------+-------------------------------------------
     0 | D:1      | ytrimaz the Demonspawn Shapeshifter began the quest for the
                  | Orb.
     0 | D:1      | Reached XP level 1. HP: 15/15 MP: 1/1
     0 | D:1      | magus.rc [v1.9.6]
   142 | D:1      | Reached skill level 3 in Unarmed Combat
   142 | D:1      | Gained mutation: You are surrounded by a mild repulsion
                  | field. (EV +2) [demonic ancestry]
   142 | D:1      | Reached XP level 2. HP: 8/21 MP: 2/2
   235 | D:1      | Reached skill level 3 in Shapeshifting
   799 | D:2      | Reached XP level 3. HP: 22/26 MP: 3/3
   806 | D:2      | HP: 6/26 [poisoned by an adder]
   811 | D:2      | HP: 6/39 [poisoned by an adder]
  1028 | D:2      | HP: 9/39 [adder (1)]
  1161 | D:2      | Reached XP level 4. HP: 31/32 MP: 4/4
  1204 | D:2      | Noticed Terence
  1216 | D:2      | Killed Terence
  1359 | D:2      | Reached skill level 4 in Unarmed Combat
  1773 | D:3      | Noticed a scorpion
  1784 | D:2      | HP: 6/32 [scorpion (6)]
  1789 | D:2      | Killed a scorpion
  1790 | D:2      | Reached skill level 4 in Shapeshifting
  1790 | D:2      | Gained mutation: You are surrounded by a moderate repulsion
                  | field. (EV +3) [demonic ancestry]
  1790 | D:2      | Reached XP level 5. HP: 7/37 MP: 5/5
  1924 | D:3      | Noticed Robin
  1940 | D:3      | Found Ruebb's Book Shop.
  1991 | D:3      | Identified the +10 sling of the Howling Tiger {heavy,
                  | *Corrode rN+ Str-2 Int+7}
  2106 | D:3      | Noticed Grinder
  2122 | D:3      | Killed Robin
  2143 | D:3      | Paralysed by Grinder for 2 turns
  2177 | D:3      | HP: 6/37 [Grinder/nerve-wracking pain (10)]
  2178 | D:3      | Slain by Grinder

Vanquished Creatures
  A scorpion (D:2)
  Terence (D:2)
  Robin (D:3)
  7 adders
  2 worms (D:2)
  A dart slug (D:2)
  2 ball pythons (D:1)
  5 bats
  5 endoplasms
  A giant cockroach (D:3)
  16 goblins
  8 hobgoblins
  9 kobolds
  3 quokkas
  6 rats
68 creatures vanquished.

Table legend:
 A = Non-vault XP
 B = Vault XP
 C = Vault XP percentage of total XP
 D = Non-vault monster count
 E = Vault monster count
 F = Vault count percentage of total count
                 A         B        C        D         E       F
            +---------+---------+-------+---------+---------+-------
      Total |     265 |      75 |  22.1 |      55 |      13 |  19.1
            +---------+---------+-------+---------+---------+-------
        D:1 |      37 |       0 |   0.0 |      21 |       0 |   0.0
        D:2 |     206 |      38 |  15.6 |      27 |       1 |   3.6
        D:3 |      22 |      37 |  62.7 |       7 |      12 |  63.2
            +---------+---------+-------+---------+---------+-------

Skill      XL: |  1  2  3  4 |
---------------+-------------+-----
Unarmed Combat | 3 4 |  4.6
Shapeshifting  | 3 4 |  4.3
Fighting       | |  1.0
Dodging        | |  1.7

Action                     |  1- 3 |  4- 6 || total
---------------------------+-------+-------++-------
  Melee: Unarmed           |   114 |   115 ||   229
         Punch             |     2 |     1 ||     3
   Fire: Sling             |       |     4 ||     4
    Use: Scroll            |     4 |       ||     4
         Potion            |     2 |       ||     2
   Stab: Sleeping          |     1 |     1 ||     2
 Armour: Animal skin       |    54 |     5 ||    59
         Skin              |     9 |       ||     9
         Scale mail        |       |    45 ||    45
  Dodge: Dodged            |    73 |    61 ||   134

Illustrated notes

Table legend:
 A = Kills in this place as a percentage of kills in the entire game.
 B = Kills by you in this place as a percentage of kills by you in the entire game.
 C = Kills by friends in this place as a percentage of kills by friends in the entire game.
 D = Other kills in this place as a percentage of other kills in the entire game.
 E = Experience gained in this place as a percentage of experience gained in the entire game.
 F = Experience gained in this place divided by the number of levels of this place that you have seen.
                   A       B       C       D       E      F
               +-------+-------+-------+-------+-------+----------------------
         Total | 100.0 | 100.0 |   N/A |   N/A | 100.0 | 113.3
       Dungeon | 100.0 | 100.0 |   N/A |   N/A | 100.0 | 113.3
               +-------+-------+-------+-------+-------+----------------------

Table legend: (Time is in decaauts)
 A = Elapsed time spent in this place.
 B = Non-inter-level travel time spent in this place.
 C = Inter-level travel time spent in this place.
 D = Time resting spent in this place.
 E = Time spent auto-exploring this place.
 F = Levels seen in this place.
 G = Mean time per level.
                   A        B        C        D        E       F      G
               +--------+--------+--------+--------+--------+-----+--------+
         Total |   2173 |   2136 |     37 |    117 |   1452 |   3 |  724.3 |
       Dungeon |   2173 |   2136 |     37 |    117 |   1452 |   3 |  724.3 |
               +--------+--------+--------+--------+--------+-----+--------+

Top non-repeatable levels by time:
     D:2: 1154 daAuts
     D:1: 741 daAuts
     D:3: 277 daAuts
